 Dungeon Crawl Stone Soup version 0.20-a0-1122-gb7cbeb9 (webtiles) character file.

32 arathur the Gusty (level 3, -1/19 HPs)
             Began as a Tengu Air Elementalist on May 14, 2017.
             Shot with a stone by a goblin (7 damage)
             ... on level 2 of the Dungeon.
             The game lasted 00:12:06 (637 turns).

arathur the Gusty (Tengu Air Elementalist)           Turns: 637, Time: 00:12:07

Health: -1/19      AC:  2    Str:  8    XL:     3   Next: 25%
Magic:  5/7        EV: 13    Int: 16    God:
Gold:   38         SH:  0    Dex: 14    Spells: 4/7 levels left

rFire    . . .     SeeInvis .   e - +0 club
rCold    + . .     Gourm    .   (no shield)
rNeg     . . .     Faith    .   a - +0 robe
rPois    .         Spirit   .   (helmet restricted)
rElec    .         Reflect  .   (no cloak)
rCorr    .         Harm     .   (no gloves)
MR       .....                  (boots unavailable)
Stlth    ++........             (no amulet)
Regen    0.1/turn               k - ring of ice
MPRegen  0.1/turn               m - ring of protection from fire

@: no status effects
A: beak, talons 3
a: no special abilities


You were on level 2 of the Dungeon.
You were not hungry.

You visited 1 branch of the dungeon, and saw 2 of its levels.

You collected 38 gold pieces.

Inventory:

Hand Weapons
 e - a +0 club (weapon)
Missiles
 f - 15 poisoned needles (quivered)
 g - 11 bolts
 o - 24 arrows
Armour
 a - a +0 robe (worn)
 d - a cursed +0 ring mail
Jewellery
 k - a ring of ice (left hand)
 m - a ring of protection from fire (right hand)
Scrolls
 n - 2 scrolls of remove curse
Potions
 j - 2 potions of agility {unknown}
 p - a potion of magic {unknown}
Books
 b - a book of Air

   Spells                             Type                      Level
   a - Shock                          Conjuration/Air              1
   b - Swiftness                      Charms/Air                   2
   c - Static Discharge               Conjuration/Air              3
   d - Airstrike                      Air                          4
   e - Lightning Bolt                 Conjuration/Air              5
Comestibles
 c - 2 bread rations
 h - 2 meat rations
 l - a royal jelly
 q - 2 chunks of flesh


   Skills:
 - Level 2.4 Dodging
 - Level 2.0 Stealth
 + Level 2.5 Spellcasting
 - Level 1.3 Conjurations
 * Level 5.0 Air Magic


You had 4 spell levels left.
You knew the following spells:

 Your Spells              Type           Power        Failure   Level  Hunger
a - Shock                 Conj/Air       ##..         5%          1    #......
b - Swiftness             Chrm/Air       ##......     11%         2    ##.....


Dungeon Overview and Level Annotations

Branches:
Dungeon (2/15)

Altars:


Innate Abilities, Weirdness & Mutations

You have a beak for a mouth.
You have claws for feet.


Message History

There is a stone staircase leading up here.
You see here 2 stones.
Casting: Shock
Confirm with . or Enter, or press ? or * to list all spells.
Aiming: Shock
Press: ? - help, Shift-Dir - straight line, f - kobold
Aim: a kobold The zap hits the kobold.
The kobold is moderately wounded.
The goblin shoots a stone.
The stone barely misses you.
Casting: Shock
Confirm with . or Enter, or press ? or * to list all spells.
Aiming: Shock
Press: ? - help, Shift-Dir - straight line, f/p - kobold
Aim: a kobold (moderately wounded)
The zap hits the kobold.
You kill the kobold!
Your Air Magic skill increases to level 5!
The goblin shoots a stone.
The stone hits you!
You die...

#.......# ... #.####.##
... #.# #.# #.# #.# #.#
#.# #.# #.### # #.# #.#
#...# #. #.# #.# ###.#
####g##.########.# #.#
##.......g..(...@.# #.#
...........(......######.#
##.#############.........#
###########


You could see a goblin.

Vanquished Creatures
  An adder (D:2)
  A leopard gecko (D:1)
  A bat (D:1)
  2 giant cockroaches
  2 hobgoblins (D:1)
  2 jackals (D:1)
  4 kobolds
  A frilled lizard (D:1)
  3 goblins (D:1)
  3 rats (D:1)
20 creatures vanquished.

Notes
Turn   | Place    | Note
-------+----------+-------------------------------------------
     0 | D:1      | arathur the Tengu Air Elementalist began the quest for the Orb.
     0 | D:1      | Reached XP level 1. HP: 10/10 MP: 4/4
    83 | D:1      | Reached XP level 2. HP: 11/15 MP: 3/6
   521 | D:2      | Reached XP level 3. HP: 7/19 MP: 0/7
   633 | D:1      | Learned a level 2 spell: Swiftness
   637 | D:2      | Reached skill level 5 in Air Magic
   637 | D:2      | Shot with a stone by a goblin

Vault maps used:
D:1:      dpeg_arrival_connections, corexii_item_surrounded_by_moat
D:2:      lemuel_round_altar, nicolae_overflow_hidden_temple, first_bread

Skill      XL: |  1  2  3 |
---------------+----------+-----
Air Magic      | 5 |  5.0
Dodging        | |  2.4
Stealth        | |  2.0
Spellcasting   | |  2.5
Conjurations   | |  1.3

Action                   || total
-------------------------++-------
Melee: Unarmed           ||    16
       Peck              ||     5
       Kick              ||     5
       Club              ||    10
 Cast: Shock             ||    33
  Use: Scroll            ||     2
Armor: Robe              ||    10
Dodge: Dodged            ||    26
